 Dungeon Crawl Stone Soup version 0.24-a0-201-gf205589 (console) character file.

Game seed: 16658761717925457978

46 bli the Skirmisher (level 3, 0/29 HPs)
             Began as a Formicid Abyssal Knight on Mar 23, 2019.
             Was a Follower of Lugonu.
             Succumbed to an adder's poison
             ... on level 2 of the Dungeon.
             The game lasted 00:02:36 (611 turns).

bli the Skirmisher (Formicid Abyssal Knight)         Turns: 611, Time: 00:02:37

Health: 0/29       AC:  3    Str: 16    XL:     3   Next: 92%
Magic:  4/4        EV: 12    Int: 11    God:    Lugonu [*.....]
Gold:   58         SH:  0    Dex: 11    Spells: 2/2 levels left

rFire    . . .     SeeInvis +   a - +1 falchion
rCold    . . .     Gourm    .   (no shield)
rNeg     . . .     Faith    .   b - +0 leather armour
rPois    .         Spirit   .   (helmet unavailable)
rElec    .         Reflect  .   (no cloak)
rCorr    .         Harm     .   (no gloves)
MR       .....                  (no boots)
Stlth    +.........             (no amulet)
HPRegen  0.09/turn              (no ring)
MPRegen  0.09/turn              (no ring)

@: lethally poisoned (0 -> -17)
A: permanent stasis, dig shafts and tunnels, four strong arms, antennae 3
a: Dig, Shaft Self, Depart the Abyss, Renounce Religion


You were on level 2 of the Dungeon.
You worshipped Lugonu.
Lugonu was aware of your devotion.
You were not hungry.

You visited 1 branch of the dungeon, and saw 2 of its levels.
You visited the Abyss 1 time.

You collected 58 gold pieces.

Inventory:

Hand Weapons
 a - a +1 falchion (weapon)
Missiles
 g - 5 stones (quivered)
Armour
 b - a +0 leather armour (worn)
 j - a +0 chain mail
Jewellery
 l - an uncursed ring of resist corrosion {unknown}
 m - an uncursed amulet of the acrobat {unknown}
Scrolls
 d - a scroll of fear {unknown}
 e - a scroll of identify {unknown}
 f - 2 scrolls of remove curse {unknown}
 i - a scroll of enchant armour {unknown}
Potions
 k - a potion of heal wounds {unknown}
 n - a potion of cancellation {unknown}
Comestibles
 c - a ration
 h - 4 chunks of flesh


   Skills:
 - Level 3.2 Fighting
 + Level 3.2 Long Blades
 + Level 2.3 Armour
 * Level 1.8 Dodging
 + Level 0.4 Stealth
 - Level 2.1 Invocations


You had 2 spell levels left.
You didn't know any spells.
Your spell library was empty.

Dungeon Overview and Level Annotations

Branches:
Dungeon (2/15)

Altars:


Innate Abilities, Weirdness & Mutations

You cannot be hasted, slowed, berserked, paralysed or teleported.
You can dig through walls and to a lower floor.
Your four strong arms can wield two-handed weapons with a shield.
You have a pair of large antennae on your head. (SInv)


Message History

You hit the adder but do no damage.
The adder is heavily wounded.
* * * LOW HITPOINT WARNING * * *
You feel sick. The adder completely misses you.
You riposte.
You hit the adder.
The adder is almost dead.
You closely miss the adder.
The adder is almost dead.
* * * LOW HITPOINT WARNING * * *
You feel sick. The adder closely misses you.
You riposte.
You miss the adder.
The adder is almost dead.
The adder bites you.
* * * LOW HITPOINT WARNING * * *
You closely miss the adder.
The adder is almost dead.
* * * LOW HITPOINT WARNING * * *
You feel sick. The adder bites you.
* * * LOW HITPOINT WARNING * * *
You closely miss the adder.
The adder is almost dead.
You die...

.#.....####..#
.........###.##
...#####.....## ##
#..#...# #######...#.#
....#....#.#
..##.##.#.######## .###
#....##....รท.....#
.....##...# #..........#
......S...# #..........#
...##@..# #..........#
#....<....###..........#
.....##.......##########
.... #.......# #..
#.......# #. ######### #


You could see an adder.

Vanquished Creatures
  Natasha (D:2)
  2 dart slugs (D:1)
  A leopard gecko (D:1)
  A giant cockroach (D:1)
  5 goblins (D:1)
  2 hobgoblins (D:1)
  A ball python (D:1)
  A bat (D:1)
  2 frilled lizards
  A kobold (D:1)
  2 rats (D:1)
19 creatures vanquished.

Notes
Turn   | Place    | Note
-------+----------+-------------------------------------------
     0 | Abyss:1  | bli the Formicid Abyssal Knight began the quest for the
                  | Orb.
     0 | Abyss:1  | Reached XP level 1. HP: 18/18 MP: 2/2
    75 | Abyss:1  | Noticed a spatial vortex
    76 | Abyss:1  | Noticed a spatial vortex
   103 | Abyss:1  | Noticed a large abomination
   110 | D:1      | Escaped the Abyss
   164 | D:1      | Reached skill level 1 in Dodging
   174 | D:1      | Reached XP level 2. HP: 10/24 MP: 3/3
   391 | D:1      | Reached * piety under Lugonu
   467 | D:1      | Reached XP level 3. HP: 20/29 MP: 4/4
   567 | D:2      | Noticed Natasha
   569 | D:2      | Killed Natasha
   611 | D:2      | Succumbed to an adder's poison

Levels and vault maps discovered:
D:1:      dpeg_arrival_another_circle, layout_basic
D:2:      layout_rooms, first_ration, uniq_natasha
Abyss:1

Skill      XL: |  1  2  3 |
---------------+----------+-----
Dodging        | 1 |  1.8
Long Blades    | 3 |  3.2
Fighting       | |  3.2
Armour         | |  2.3
Stealth        | |  0.4
Invocations    | |  2.1

Action                   || total
-------------------------++-------
Melee: Falchion          ||    62
Invok: Depart the Abyss  ||     1
Armor: Leather armour    ||    23
Dodge: Dodged            ||    52
       Rpst.: Falchion   ||    17

Table legend:
 A = Non-vault XP
 B = Vault XP
 C = Vault XP percentage of total XP
 D = Non-vault monster count
 E = Vault monster count
 F = Vault count percentage of total count
                 A         B        C        D         E       F
            +---------+---------+-------+---------+---------+-------
      Total |      33 |      33 |  50.0 |      18 |       1 |   5.3
            +---------+---------+-------+---------+---------+-------
        D:1 |      32 |       0 |   0.0 |      17 |       0 |   0.0
        D:2 |       1 |      33 |  97.1 |       1 |       1 |  50.0
            +---------+---------+-------+---------+---------+-------
